 Dungeon Crawl Stone Soup version 0.30-a0-142-g7370640ec8 (webtiles) character file.

Game seed: 2390163811286614918

9 Aledex the Trooper (level 2, 0/27 HPs)
             Began as a Hill Orc Berserker on Sept 26, 2022.
             Was a Follower of Trog.
             Slain by a quokka (4 damage)
             ... on level 3 of the Dungeon.
             The game lasted 00:02:14 (295 turns).

Aledex the Trooper (Hill Orc Berserker)              Turns: 295, Time: 00:02:14

Health: 0/27       AC:  2    Str: 19    XL:     2   Next: 16%
Magic:  2/2        EV: 12    Int:  7    God:    Trog [*.....]
Gold:   24         SH:  0    Dex: 10    Spells: 1/1 levels left

rFire   . . .      SeeInvis .    a - +0 falchion
rCold   . . .      Faith    .    (no shield)
rNeg    . . .      Spirit   .    b - +0 animal skin
rPois   .          Reflect  .    (no helmet)
rElec   .          Harm     .    (no cloak)
rCorr   .          Rampage  .    (no gloves)
Will    .....                    (no boots)
Stlth   +.........               (no amulet)
HPRegen 0.09/turn                (no ring)
MPRegen 0.08/turn                (no ring)

@: no status effects
A: no striking features
a: Renounce Religion, Berserk


You were on level 3 of the Dungeon.
You worshipped Trog.
Trog was aware of your devotion.
You visited 1 branch of the dungeon, and saw 3 of its levels.

You collected 24 gold pieces.

Inventory:

Hand Weapons
 a - a +0 falchion (weapon)
Armour
 b - a +0 animal skin (worn)
Scrolls
 c - a scroll of identify {unknown}


   Skills:
 + Level 3.9 Fighting
 + Level 3.6 Long Blades
 + Level 2.3 Armour
 + Level 1.6 Dodging


You had one spell level left.
You didn't know any spells.
Your spell library was empty.

Dungeon Overview and Level Annotations

Branches:
Dungeon (3/15)

Altars:
Hepliaklqana


Message History

The kobold throws a stone.
The stone hits you.
* * * LOW HITPOINT WARNING * * *
The kobold throws a stone.
The stone barely misses you.
The kobold throws a stone.
The stone misses you.
The kobold throws a stone.
The stone hits you but does no damage.
The kobold throws a stone.
The stone hits you.
* * * LOW HITPOINT WARNING * * *
The kobold throws a stone.
The stone hits you.
* * * LOW HITPOINT WARNING * * *
Found 14 gold pieces.
You see here 14 gold pieces.
A kobold is nearby!
A kobold is nearby!
A kobold is nearby!
A frilled lizard comes into view.
The frilled lizard hisses angrily.
You closely miss the frilled lizard. The frilled lizard barely misses you.
The frilled lizard closely misses you.
You barely miss the frilled lizard. The frilled lizard barely misses you.
You closely miss the frilled lizard.
The kobold throws a stone.
The stone hits you.
* * * LOW HITPOINT WARNING * * *
The frilled lizard bites you.
* * * LOW HITPOINT WARNING * * *
You hit the frilled lizard.
You kill the frilled lizard!
Trog accepts your kill.
You see here a frilled lizard corpse.
The kobold attacks as you move away! The kobold misses you.
The kobold attacks as you move away! The kobold hits you with a +0 dagger.
* * * LOW HITPOINT WARNING * * *
The kobold attacks as you move away! The kobold closely misses you.
The kobold throws a stone.
The stone barely misses you.
A quokka comes into view.
The kobold throws a stone.
The stone misses you.
The stone hits the quokka but does no damage.
The quokka closely misses you.
The kobold throws a stone.
The stone hits you.
* * * LOW HITPOINT WARNING * * *
You barely miss the quokka. The quokka bites you.
You die...

.. .# .# .# .# .# .# †#
###############
.#########..K...@r......
...........#############
############


You could see a quokka and a kobold.

Vanquished Creatures
  A giant cockroach (D:2)
  A goblin (D:3)
  2 hobgoblins
  A ball python (D:1)
  4 frilled lizards
  A kobold (D:3)
10 creatures vanquished.

Notes
Turn   | Place    | Note
-------+----------+-------------------------------------------
     0 | D:1      | Aledex the Hill Orc Berserker began the quest for the Orb.
     0 | D:1      | Reached XP level 1. HP: 19/19 MP: 1/1
   202 | D:3      | Found a hazy altar of Hepliaklqana.
   213 | D:3      | Reached XP level 2. HP: 15/27 MP: 2/2
   295 | D:3      | Slain by a quokka

Illustrated notes

Levels and vault maps discovered:
D:1:      spicycebolla_green_bress_n_ham_2, layout_basic,
          basic_ecumenical_altar, minmay_misc_feat_columns
D:2:      layout_rooms, basic_altar
D:3:      minmay_skewed_foursquare, layout_loops_ring,
          mainiacjoe_overflow_cross_hatched, mainiacjoe_overflow_catch_the_wave,
          uniq_terence

Action                   || total
-------------------------++-------
Melee: Falchion          ||    28
Armor: Animal skin       ||    13
Dodge: Dodged            ||    42

Table legend: (Time is in decaauts)
 A = Elapsed time spent in this place.
 B = Non-inter-level travel time spent in this place.
 C = Inter-level travel time spent in this place.
 D = Time resting spent in this place.
 E = Time spent auto-exploring this place.
 F = Levels seen in this place.
 G = Mean time per level.
                   A        B        C        D        E       F      G
               +--------+--------+--------+--------+--------+-----+--------+
         Total |    299 |    144 |    155 |      0 |      0 |   3 |   99.7 |
       Dungeon |    299 |    144 |    155 |      0 |      0 |   3 |   99.7 |
               +--------+--------+--------+--------+--------+-----+--------+

Top non-repeatable levels by time:
     D:1: 153 daAuts
     D:3: 107 daAuts
     D:2: 38 daAuts
